Map: Orbital Shipyard

Players

Alpo

  • Race: Zerg Zerg
  • League: Gold

Grumm - Winner!

  • Race: Protoss Protoss
  • League: Gold

VOD

Have the link to the VOD?

Description

Time

  • Played on: Jan. 10, 2016, 10:07 p.m.
  • Length: 11:53
Show
View Real Time Build Order
Export as new Build Order

Alpo Zerg 

Build Orders: Pool First 

Get SALT Encoding   

  12  0:01  Drone  
  13  0:14  Overlord  
  13  0:19  Drone  
  14  0:25  Extractor  
  14  0:26  Drone  
  15  0:33  Drone  
  16  0:38  Drone  
  17  0:48  Spawning Pool  
  16  0:50  Drone  
  17  0:58  Drone  
  17  1:02  Extractor  
  17  1:08  Drone  
  18  1:20  Drone  
  19  1:29  Hatchery  
  18  1:33  Drone  
  19  1:41  Queen  
  19  1:43  Drone  
  22  1:50  Overlord  
  22  2:10  Zergling x2  
  23  2:23  Drone x2  
  25  2:34  Metabolic Boost  
  25  2:36  Drone  
  26  2:38  Queen  
  26  2:40  Extractor  
  26  2:42  Drone  
  26  2:43  Queen  
  30  2:51  Drone  
  31  2:52  Drone  
  31  2:53  Roach Warren  
  31  2:54  Drone  
  31  2:57  Drone  
  33  2:59  Drone  
  34  3:14  Drone x2  
  34  3:15  Overlord  
  36  3:36  Roach x4  
  43  3:58  Overlord x3  
  43  4:21  Roach x6  
  43  4:22  Roach x3  
  61  4:30  Drone  
  62  4:40  Roach x2  
  62  4:43  Drone  
  62  4:45  Overlord x2  
  67  4:51  Spore Crawler  
  66  4:56  Ravager  
  65  5:21  Drone x10  
  71  5:28  Spore Crawler  
  71  5:29  Drone  
  71  5:42  Roach  
  73  5:43  Roach x3  
  73  5:46  Roach  
  73  5:48  Ravager x2  
  83  5:58  Overlord x2  
  83  6:05  Spore Crawler  
  82  6:15  Queen x2  
  76  6:36  Spore Crawler  
  76  6:39  Spore Crawler  
  74  6:41  Drone x8  
  74  6:42  Drone x4, Spore Crawler  
  74  6:45  Extractor  
  84  6:48  Spore Crawler  
  83  6:55  Roach  
  83  6:56  Roach x2  
  90  7:08  Ravager  
  90  7:09  Ravager x3  
  90  7:10  Ravager  
  90  7:13  Drone  
  90  7:14  Drone x4  
  99  7:34  Hatchery  
  85  8:11  Lair  
  77  8:26  Ravager x2  
  77  8:27  Ravager x2  
  81  8:35  Extractor  
  74  9:14  Hydralisk Den  
  73  9:17  Queen  
  73  9:18  Spore Crawler  
  73  9:20  Queen  
  76  9:27  Drone x10  
  76  9:28  Drone x4  
  76  9:29  Overlord x5  
  76  9:30  Overlord x3  
  90  9:45  Overlord  
  90  9:46  Queen  
  90  9:47  Muscular Augments  
  92  9:53  Evolution Chamber  
  92  9:56  Evolution Chamber  
  90  10:03  Overseer  
  90  10:06  Hydralisk x8  
  90  10:07  Hydralisk x2  
  92  10:10  Drone x3  
  92  10:12  Extractor  
  112  10:14  Extractor  
  111  10:22  Hydralisk  
  111  10:23  Hydralisk x2  
  111  10:27  Drone  
  118  10:39  Hatchery  
  117  10:56  Hydralisk  
  117  10:57  Hydralisk x5  
  129  11:08  Hydralisk x2  
  129  11:10  Zergling x14  
  114  11:27  Roach x6  
Show
View Real Time Build Order
Export as new Build Order

Grumm Protoss - Winner!

Build Orders: 1 Gate Expand 

Get SALT Encoding   

  12  0:01  Probe (Chrono Boost)  
  13  0:12  Probe (Chrono Boost)  
  14  0:24  Pylon  
  14  0:26  Probe (Chrono Boost)  
  15  0:32  Assimilator  
  15  0:43  Gateway  
  15  0:45  Probe (Chrono Boost)  
  16  1:15  Nexus  
  16  1:19  Probe (Chrono Boost)  
  17  1:35  Forge  
  17  1:42  Cybernetics Core  
  18  1:47  Probe (Chrono Boost)  
  18  1:53  Zealot  
  20  2:00  Probe (Chrono Boost)  
  21  2:09  Photon Cannon  
  21  2:15  Pylon  
  21  2:20  Warp Gate (Chrono Boost)  
  21  2:35  Pylon  
  21  2:38  Probe, Gateway  
  21  2:41  Probe  
  23  2:50  Probe  
  24  2:51  Assimilator  
  24  3:01  Pylon  
  24  3:04  Probe  
  24  3:06  Probe  
  24  3:11  Pylon  
  26  3:15  Probe  
  27  3:23  Stargate  
  27  3:38  Nexus  
  27  3:44  Probe  
  27  3:46  Probe  
  29  3:55  Probe  
  27  3:57  Assimilator  
  27  3:58  Probe  
  29  4:05  Probe  
  29  4:06  Oracle (Chrono Boost)  
  33  4:11  Probe  
  33  4:16  Adept, Probe  
  36  4:20  Adept  
  39  4:30  Probe  
  39  4:32  Probe  
  39  4:36  Stargate  
  41  4:44  Probe  
  38  5:14  Probe  
  38  5:15  Probe  
  38  5:20  Void Ray (Chrono Boost)  
  48  5:21  Void Ray (Chrono Boost)  
  48  5:23  Probe  
  48  5:26  Stalker  
  48  5:31  Probe  
  48  5:32  Probe  
  50  5:36  Photon Cannon  
  50  5:38  Probe, Photon Cannon  
  50  5:39  Zealot  
  50  5:41  Probe  
  53  5:46  Probe  
  53  5:49  Probe  
  55  5:56  Photon Cannon  
  56  6:00  Photon Cannon  
  56  6:01  Probe  
  56  6:02  Probe  
  58  6:05  Probe  
  58  6:08  Assimilator  
  58  6:10  Assimilator  
  59  6:11  Probe  
  59  6:14  Probe  
  59  6:16  Probe  
  59  6:17  Zealot  
  64  6:26  Void Ray (Chrono Boost)  
  64  6:29  Void Ray (Chrono Boost)  
  72  6:33  Pylon  
  72  6:36  Probe  
  72  6:37  Probe  
  72  6:38  Assimilator  
  74  6:44  Pylon  
  74  6:45  Protoss Shields Level 1  
  74  6:49  Pylon  
  74  6:51  Pylon, Protoss Air Weapons Level 1 (Chrono Boost)  
  74  7:01  Probe x2  
  74  7:06  Gateway  
  74  7:08  Twilight Council  
  76  7:11  Pylon  
  76  7:26  Stalker x2  
  80  7:34  Forge, Gateway  
  70  7:45  Void Ray x2 (Chrono Boost)  
  78  8:21  Protoss Ground Weapons Level 1  
  78  8:22  Zealot x2  
  78  8:23  Void Ray x2 (Chrono Boost)  
  90  8:30  Gateway  
  90  8:31  Gateway  
  90  8:41  Zealot  
  92  8:43  Probe x2  
  92  8:44  Gateway  
  92  8:46  Gateway  
  94  8:50  Dark Shrine  
  94  9:02  Protoss Ground Armor Level 1  
  90  9:06  Probe  
  90  9:07  Probe  
  90  9:08  Probe  
  81  9:12  Zealot x3  
  81  9:13  Zealot  
  89  9:17  Probe  
  89  9:20  Probe  
  91  9:25  Pylon  
  91  9:26  Void Ray x2 (Chrono Boost)  
  99  9:35  Pylon  
  99  9:39  Pylon  
  99  9:42  Zealot x4  
  99  9:43  Zealot x2  
  111  10:00  Stalker  
  111  10:01  Stalker  
  111  10:03  Zealot x5  
  111  10:04  Void Ray x2, Charge (Chrono Boost), Zealot  
  135  10:20  Probe  
  136  10:27  Dark Templar x2  
  140  10:33  Pylon  
  140  10:35  Pylon  
  140  10:37  Pylon  
  140  10:41  Photon Cannon  
  140  10:43  Pylon, Photon Cannon  
  140  10:58  Dark Templar x5  
  140  10:59  Dark Templar  
  140  11:02  Archon x3  
  152  11:09  Pylon  
Tags
 
Add a new tag
Caveats
  • Supply blocks, unpowered buildings, or Contaminate may cause inaccurate times.
  • Supply counts are checked every 10 seconds.